 Dungeon Crawl Stone Soup version 0.18.1-8-gdd0e5ea (webtiles) character file.

88 kokalle the Insei (level 4, 0/24 HPs)
             Began as a Vine Stalker Monk on May 29, 2016.
             Killed from afar by an orc wizard (6 damage)
             ... with a magic dart
             ... on level 3 of the Dungeon.
             The game lasted 00:34:34 (2124 turns).

kokalle the Insei (Vine Stalker Monk)               Turns: 2124, Time: 00:34:35

Health: 0/24       AC:  2    Str: 14    XL:     4   Next: 53%
Magic:  0/5        EV: 13    Int: 10    God:
Gold:   157        SH:  0    Dex: 17    Spells: 0 memorised, 3 levels left

rFire  . . .     SeeInvis .       - Unarmed
rCold  . . .     Gourm    .     a - +0 robe
rNeg   . . .     Faith    .     (no shield)
rPois  .         Spirit   +     (no helmet)
rElec  .         Dismiss  .     (no cloak)
rCorr  .         Reflect  .     (no gloves)
SustAt .         Harm     .     (no boots)
MR     .....                    (no amulet)
Stlth  +++.......               (no ring)
                                (no ring)

@: not resistant to hostile enchantments, fairly stealthy
A: fangs 2, regeneration 1, magic shield, antimagic bite, no device heal 3, rot
immunity
a: no special abilities


You were on level 3 of the Dungeon.
You were not hungry.

You visited 1 branch of the dungeon, and saw 3 of its levels.

You collected 157 gold pieces.

Inventory:

Hand Weapons
 f - a +0 dagger
 g - a +0 club
 j - a +0 dagger
 k - a +0 club
 m - a +0 club
 r - a +0 mace
 t - a +0 hand axe
 u - a +0 hunting sling
 w - a cursed -1 mace
 z - a +0 dagger
 A - a +0 club
 E - a +0 short sword
 F - a +0 flail
 J - a cursed -3 flail
 L - a +0 trident
 M - a cursed -1 quarterstaff
 P - a +0 dagger
 Q - a cursed -1 hunting sling
Missiles
 c - 5 arrows
 e - 9 poisoned needles
 h - 124 stones (quivered)
 p - 44 bolts
 y - a throwing net
 H - 43 sling bullets
 K - 3 tomahawks
Armour
 a - a +0 robe (worn)
 d - a +0 robe
 n - a +0 leather armour
 x - a +0 leather armour
Jewellery
 l - an uncursed ring of fire {unknown}
 I - an uncursed amulet of harm {unknown}
 N - a cursed amulet of faith {unknown}
Scrolls
 o - 4 scrolls of recharging
 q - a scroll of magic mapping {unknown}
 s - a scroll of identify {unknown}
 C - a scroll of blinking {unknown}
 D - a scroll of noise {unknown}
 O - a scroll of enchant armour {unknown}
 R - a scroll of enchant weapon {unknown}
Potions
 i - a potion of brilliance {unknown}
 v - a potion of lignification {unknown}
 B - a potion of resistance {unknown}
 G - a potion of might {unknown}
Comestibles
 b - 3 bread rations
 S - a beef jerky


   Skills:
 + Level 3.1 Fighting
 + Level 3.1 Dodging
 + Level 3.5 Stealth
 + Level 4.5 Unarmed Combat


You had 3 spell levels left.
You didn't know any spells.

Dungeon Overview and Level Annotations

Branches:
Dungeon (3/15)

Altars:
Ashenzari
Elyvilon


Innate Abilities, Weirdness & Mutations

You have extremely sharp teeth.
Your natural rate of healing is unusually fast.
When hurt, damage is shared between your health and your magic reserves.
Your bite disrupts and absorbs the magic of your enemies.
Potions and wands cannot restore your health.
You are immune to rotting.


Message History

The orc hits you with a falchion.
There is an open door here.
Things that are here:
a leather armour; a short sword The bat hits you.
You hit the orc wizard but do no damage.
Your bite misses the orc wizard. The orc wizard hits you with a dagger.
You barely miss the orc wizard. The orc wizard completely misses you.
The orc priest invokes the aid of Beogh against you.
Beogh smites you!
You barely miss the orc wizard.
You bite the orc wizard, but do no damage.
The orc wizard casts a spell at you. The puff of flame hits you!
* * * LOW HITPOINT WARNING * * *
There is an open door here.
The orc priest casts a cantrip, but nothing happens.
The orc wizard casts a spell at you. The magic dart hits you!
You die...

########### ..........#
..........# ##### ..........#
#...#
..........###...#################
.........oob'oo.@................
o........o###...####)#########.##
..........# #...# #.)†......#.#
..........# #...# #)#.......#.#
..........# #...# #.#8.....8#.#
......(...# #...# #.#.......#.#
..........# ##### #.#8.....8#.#
########### #.#.......#.#
#.#8.....8#.#


You could see an orc priest, an orc wizard, 3 orcs and a bat.

Vanquished Creatures
  2 adders (D:2)
  3 dart slugs
  2 giant geckos
  9 orcs (D:3)
  3 bats
  3 giant cockroaches
  10 goblins
  4 hobgoblins
  4 kobolds
  A quokka (D:2)
  2 giant newts
  6 rats
49 creatures vanquished.

Notes
Turn   | Place    | Note
--------------------------------------------------------------
     0 | D:1      | kokalle the Vine Stalker Monk began the quest for the Orb.
     0 | D:1      | Reached XP level 1. HP: 11/11 MP: 2/2
   208 | D:1      | Reached XP level 2. HP: 16/16 MP: 3/3
   823 | D:2      | Reached XP level 3. HP: 18/20 MP: 4/4
   959 | D:2      | Found a shattered altar of Ashenzari.
  1784 | D:3      | Reached XP level 4. HP: 24/24 MP: 5/5
  1809 | D:3      | Found a white marble altar of Elyvilon.
  2124 | D:3      | Killed from afar by an orc wizard

Skill      XL: |  1  2  3  4 |
---------------+-------------+-----
Fighting       | 3 |  3.1
Stealth        | 3 |  3.5
Dodging        | 3 |  3.1
Unarmed Combat | |  4.5

Action                   |  1- 3 |  4- 6 || total
-------------------------+-------+-------++-------
Melee: Unarmed           |    86 |    44 ||   130
       Bite              |    29 |     6 ||    35
       Punch             |     4 |       ||     4
  Use: Scroll            |     1 |       ||     1
 Stab: Sleeping          |    10 |       ||    10
  Eat: Meat ration       |     1 |       ||     1
Armor: Robe              |    15 |     3 ||    18
Dodge: Dodged            |    49 |    20 ||    69
